 Dungeon Crawl Stone Soup version 0.17-a0-1403-g9df874c (webtiles) character file.

124 Fluffy the Slasher (level 4, -1/49 HPs)
             Began as a Demonspawn Gladiator on June 20, 2015.
             Slain by an ogre
             ... wielding a +0 giant club
              (16 damage)
             ... on level 4 of the Dungeon.
             The game lasted 00:06:43 (2822 turns).

Fluffy the Slasher (Demonspawn Gladiator)           Turns: 2822, Time: 00:06:44

Health: -1/49      AC: 22    Str: 18    XL:     4   Next: 81%
Magic:  4/4        EV:  2    Int: 10    God:
Gold:   164        SH:  0    Dex: 13    Spells: 0 memorised, 3 levels left

rFire  . . .     SeeInvis .     a - +1 long sword
rCold  . . .     Clarity  .     (armour currently unavailable)
rNeg   + + +     SustAt   .     (no shield)
rPois  +         Gourm    .     (helmet currently unavailable)
rElec  .         Spirit   .     (cloak currently unavailable)
rCorr  .         Warding  .     (gloves currently unavailable)
rMut   .         NoTele   +     (boots currently unavailable)
MR     .....                    (no amulet)
Stlth  +.........               (no ring)
                                k - +2 ring of strength

@: tree-form, not resistant to hostile enchantments, very unstealthy
A: (talons 0), powered by death 1
a: no special abilities


You were on level 4 of the Dungeon.
You were not hungry.
You were a tree.
You visited 1 branch of the dungeon, and saw 4 of its levels.

You collected 164 gold pieces.

Inventory:

Hand weapons
 a - a +1 long sword (weapon)
Missiles
 d - 3 throwing nets (quivered)
Armour
 c - a +0 helmet (melded)
 l - a +0 ring mail (melded)
 u - a +0 cloak (melded)
Jewellery
 k - a +2 ring of strength (left branch)
Scrolls
 i - 2 scrolls of remove curse
 n - 3 scrolls of teleportation
 r - 2 scrolls of amnesia
Potions
 b - 2 potions of cancellation
 h - a potion of lignification
 j - a potion of cure mutation {unknown}
 m - a potion of degeneration {unknown}
 p - 2 potions of heal wounds
 q - 2 potions of haste {unknown}
Comestibles
 e - 2 bread rations
 f - a meat ration
 o - a slice of pizza
 t - 2 fruits


   Skills:
 - Level 2.0 Fighting
 + Level 5.1 Long Blades
 - Level 1.7 Throwing
 - Level 2.6 Dodging


You had 3 spell levels left.
You didn't know any spells.

Dungeon Overview and Level Annotations

Branches:
Dungeon (4/15)             Temple (0/1) D:4

Altars:
Dithmenos
Nemelex Xobeh
The Shining One


Innate Abilities, Weirdness & Mutations

((You have sharp toenails.))
You regenerate a little health from kills.


Message History

It was a potion of heal wounds.
You feel much better.
The hobgoblin shouts!
The hound bites you but does no damage. The kobold hits you but does no damage.
The hound bites you but does no damage.
You barely miss the ogre. The ogre hits you but does no damage.
The kobold barely misses you. The hound barely misses you.
You closely miss the hound.
The hound is severely wounded.
The hound barely misses you. The kobold hits you but does no damage.
The ogre hits you but does no damage. The hound bites you but does no damage.
The kobold hits you but does no damage.
You hit the hound but do no damage.
The hound is severely wounded.
The hound bites you but does no damage. The ogre hits you with a giant club.
The kobold hits you.
You hit the hound but do no damage.
The hound is severely wounded.
The hound bites you but does no damage. x2
The ogre hits you with a giant club!
You die...

#. ##..# ..
#...####...##.#
......#.....#.#
#.....)...#...#
..#.##.#...#..##
##.............#
##..#............
###Og##....÷..<....
#.♣K#..............
.#.
##h##.....###.###.#.
.....#......#### ###
.# ......)=....# #
............#
.#.#.#.#.#.##
.............
.#.......#.###
............


You could see an ogre, a hound, a hobgoblin and a kobold.

Vanquished Creatures
  5 adders
  2 oozes (D:1)
  12 bats
  7 hobgoblins
  5 jackals
  9 kobolds
  3 quokkas
  3 giant cockroaches
  3 giant geckos
  2 giant newts (D:2)
  9 goblins
  7 rats
67 creatures vanquished.

Notes
Turn   | Place    | Note
--------------------------------------------------------------
     0 | D:1      | Fluffy the Demonspawn Gladiator began the quest for the Orb.
     0 | D:1      | Reached XP level 1. HP: 16/16 MP: 1/1
    48 | D:1      | Reached skill level 3 in Long Blades
   394 | D:1      | Gained mutation: You have sharp toenails. [demonic ancestry]
   394 | D:1      | Reached XP level 2. HP: 22/22 MP: 2/2
   602 | D:1      | Reached XP level 3. HP: 6/27 MP: 3/3
  1089 | D:2      | Reached skill level 4 in Long Blades
  1411 | D:2      | Gained mutation: You regenerate a little health from kills. [demonic ancestry]
  1411 | D:2      | Reached XP level 4. HP: 28/33 MP: 4/4
  1714 | D:2      | Found a shadowy altar of Dithmenos.
  2204 | D:3      | Reached skill level 5 in Long Blades
  2432 | D:3      | Found a glowing golden altar of the Shining One.
  2434 | D:3      | Found a sparkling altar of Nemelex Xobeh.
  2632 | D:4      | Noticed an ogre
  2788 | D:4      | Found a staircase to the Ecumenical Temple.
  2813 | D:4      | HP: 1/33 [ogre/giant club (18)]
  2822 | D:4      | Slain by an ogre

Vault maps used:
D:1:      lemuel_arrival_rhombus, item_on_display_a
D:2:      nicolae_dithmenos_shadow_blocks
D:3:      minitemple, st_stairs_7
D:4:      grunt_temple_overflow_magic_moments, old_standard_altar,
          minmay_temple_entry_glass

Action                   |  1- 3 |  4- 6 || total
-------------------------+-------+-------++-------
Melee: Long sword        |   133 |   127 ||   260
  Use: Scroll            |     3 |     7 ||    10
       Potion            |       |     3 ||     3
  Eat: Chunk             |     2 |     4 ||     6
